 Dungeon Crawl Stone Soup version 0.27-a0-1529-g1e82c303ef (webtiles) character file.

Game seed: 7049467400945656813

19684 Conn the Arsonist (level 12, -5/72 HPs)
             Began as an Octopode Fire Elementalist on July 11, 2021.
             Was a Believer of Sif Muna.
             Slain by a white ugly thing (14 damage)
             ... on level 13 of the Dungeon.
             The game lasted 00:45:41 (16163 turns).

Conn the Arsonist (Octopode Fire Elementalist)     Turns: 16163, Time: 00:45:41

Health: -5/72      AC:  5    Str: 11    XL:     12   Next: 71%
Magic:  28/32      EV: 19    Int: 27    God:    Sif Muna [**....]
Gold:   737        SH: 11    Dex: 14    Spells: 7/26 levels left

rFire    + . .     SeeInvis .   b - staff of fire
rCold    . . .     Faith    .   E - +1 buckler
rNeg     . . .     Spirit   .   (helmet restricted)
rPois    +         Reflect  +   o - amulet of reflection
rElec    .         Harm     .   h - ring of poison resistance
rCorr    +         Rampage  .   k - +6 ring of strength
Will     .....                  l - +4 ring of evasion
Stlth    ++++......             c - ring of resist corrosion
HPRegen  0.22/turn              n - +4 ring of protection
MPRegen  0.23/turn              F - +6 ring of intelligence
                                G - ring of magical power
                                (no ring)

@: no status effects
A: almost no armour, amphibious, 8 rings, camouflage 1, gelatinous body 1,
(nimble swimmer 1), tentacles, weak 1
a: Renounce Religion, Channel Magic


You were on level 13 of the Dungeon.
You worshipped Sif Muna.
Sif Muna was pleased with you.
You visited 2 branches of the dungeon, and saw 15 of its levels.

You collected 737 gold pieces.

Inventory:

Hand Weapons
 a - a +2 short sword of draining
 i - a +0 dagger
 C - the +0 short sword "Lawennek" {pain, rElec Str+5 Int-2}
   (You found it on level 7 of the Dungeon)

   In the hands of one skilled in necromantic magic, it inflicts extra damage on
   living creatures.
   Str:       It affects your strength (+5).
   Int:       It affects your intelligence (-2).
   rElec:     It insulates you from electricity.
Missiles
 e - 92 sling bullets
 q - 5 curare-tipped darts (quivered)
 M - 2 throwing nets
Armour
 E - a +1 buckler (worn)
Magical Staves
 b - a staff of fire (weapon)
Jewellery
 c - a ring of resist corrosion (on tentacle)
 h - a ring of poison resistance (left tentacle)
 k - a +6 ring of strength (right tentacle)
 l - a +4 ring of evasion (on tentacle)
 n - a +4 ring of protection (on tentacle)
 o - an amulet of reflection (around mantle)
 s - an amulet of faith
 F - a +6 ring of intelligence (on tentacle)
 G - a ring of magical power (on tentacle)
 I - an amulet of guardian spirit
Wands
 f - a wand of iceblast (21)
 p - a wand of polymorph (24)
 x - a wand of paralysis (18)
 H - a wand of charming (6)
Scrolls
 d - 3 scrolls of magic mapping
 m - 5 scrolls of identify
 t - 2 scrolls of teleportation
 y - a scroll of amnesia
 B - a scroll of noise
 L - a scroll of immolation {unknown}
Potions
 g - 2 potions of ambrosia
 r - a potion of resistance
 u - a potion of heal wounds
 v - 5 potions of curing
 w - 2 potions of haste
 z - a potion of berserk rage {unknown}
 A - 2 potions of brilliance
 K - 2 potions of might
Miscellaneous
 j - a phantom mirror
 J - a box of beasts


   Skills:
 + Level 3.1 Fighting
 + Level 0.7 Short Blades
 + Level 2.3 Staves
 + Level 5.7 Dodging
 + Level 6.4 Stealth
 + Level 3.9 Shields
 + Level 2.6 Unarmed Combat
 + Level 7.7 Spellcasting
 * Level 10.6 Conjurations
 + Level 1.0 Hexes
 * Level 11.5 Fire Magic
 - Level 4.1 Earth Magic
 * Level 4.3 Invocations
 + Level 0.7 Evocations


You had 7 spell levels left.
You knew the following spells:

 Your Spells              Type           Power      Damage    Failure   Level
a - Foxfire               Conj/Fire      100%       2x1d9     1%          1
b - Conjure Flame         Conj/Fire      81%        6-21      1%          3
c - Inner Flame           Hex/Fire       60%        N/A       1%          3
d - Sticky Flame          Conj/Fire      81%        2d9       1%          4
e - Fireball              Conj/Fire      40%        3d16      1%          5
f - Stone Arrow           Conj/Erth      100%       3d13      1%          3

Your spell library contained the following spells:

 Spells                   Type           Power      Damage    Failure   Level
 Sandblast                Erth           64%        2d14      1%          1
 Iskenderun's Battlesphe  Conj           61%        2d11      1%          5
 Passwall                 Tmut/Erth      17%        N/A       3%          2
 Petrify                  Tmut/Erth      21%        N/A       22%         4
 Lee's Rapid Deconstruct  Erth           16%        3d11*     28%         5
 Iron Shot                Conj/Erth      25%        9d5       38%         6
 Metabolic Englaciation   Hex/Ice        6%         N/A       77%         5
 Statue Form              Tmut/Erth      14%        N/A       98%         6
 Spellforged Servitor     Conj/Summ      19%        N/A       99%         7
 Lehudib's Crystal Spear  Conj/Erth      25%        10d7      100%        8
 Animate Armour           Summ/Erth      Unusable   N/A       N/A         4

Dungeon Overview and Level Annotations

Branches:
Dungeon (14/15)            Temple (1/1) D:6            Lair (0/6) D:8
    Orc: D:9-12      Vaults: D:13-14

Altars:
Ashenzari
Cheibriados
Dithmenos
Elyvilon
Fedhas
Gozag
Hepliaklqana
Kikubaaqudgha
Makhleb
Nemelex Xobeh
Okawaru
Qazlal
Ru
Sif Muna
Trog
Uskayaw
Vehumet
Wu Jian
Xom
Yredelemnul
Zin
The Shining One

Shops:
D:7 *

Annotations:
D:4 2 transporters, glosham's ghost, amateur DjWz
D:10 3 runed translucent doors, Tutankhamun's ghost, journeyman DrTm


Innate Abilities, Weirdness & Mutations

You cannot wear most types of armour.
You are amphibious.
You can wear up to eight rings at the same time.
Your skin changes colour to match your surroundings (Stealth+).
Your rubbery body absorbs attacks. (AC +1, EV +1)
((You are camouflaged near water. (Stealth+)))
You have tentacles for arms and can constrict up to eight enemies at once.
You are weak. (Str -2)


Message History

You start resting.
HP restored.
You start resting.
Magic restored.
You climb downwards.
You block the white ugly thing's attack.
The white ugly thing completely misses you.
There is a stone staircase leading up here.
The white ugly thing headbutts you but does no damage.
You block the white ugly thing's attack.
You climb upwards.
There is a stone staircase leading down here.
The white ugly thing misses you. The white ugly thing stings you!
The white ugly thing freezes you!!
Unknown command.
Casting: Fireball (dangerous; 1% risk of failure)
Confirm with . or Enter, or press ? or * to list all spells.
Okay, then.
Aiming: Paralyse
Press: ? - help, Shift-Dir - straight line, f - white ugly thing
Aim: a white ugly thing (chance to affect: 30%)
Okay, then.
Unknown command.
Unknown command.
Unknown command.
Unknown command.
Casting: Fireball (dangerous; 1% risk of failure)
Confirm with . or Enter, or press ? or * to list all spells.
Aiming: Sticky Flame (mildly dangerous; 1% risk of failure)
Press: ? - help, Shift-Dir - straight line, f - white ugly thing
Aim: a white ugly thing (100% to hit)
You feel a surge of power!
The sticky flame hits the white ugly thing!
The white ugly thing is moderately wounded.
The white ugly thing is covered in liquid flames!
The white ugly thing burns!
The white ugly thing misses you.
The white ugly thing burns!
The white ugly thing stings you!
* * * LOW HITPOINT WARNING * * *
The white ugly thing freezes you!
You die...

#...# #.....#......#
#...#######..#......#
##........#..'......#
#.#......#..#.)....# #
#........#..#......# #
#+#####'##..#..).#.# #
........##..#.[....#
###############'###'#.).)..#
................@u.......#.#
......##########.u#...#..#.#
...................>.......#
############################


You could see 2 ugly things.

Vanquished Creatures
  2 hydras
  A centaur warrior (D:13)
  3 two-headed ogres
  A tengu warrior (D:13)
  Sonja (D:10)
  A wizard (D:13)
  Pikel (D:7)
  A salamander (shapeshifter) (D:13)
  An orb spider (shapeshifter) (D:14)
  3 ugly things
  2 cyclopes (D:11)
  A gargoyle (D:13)
  A yaktaur (D:13)
  A tengu conjurer (D:13)
  2 efreet
  4 trolls
  A polar bear (shapeshifter) (D:14)
  A hornet (D:11)
  5 slime creatures (D:14)
  A meliai zombie (D:10)
  3 acid dragons
  2 shadows
  A human (D:13)
  6 yaks (D:9)
  2 steam dragons
  3 wargs (D:8)
  Edmund (D:5)
  3 vampire mosquitoes (D:13)
  Duvessa (D:4)
  2 water moccasins
  2 sky beasts
  A black bear (D:4)
  2 orc warriors
  2 necrophages
  11 centaurs
  3 lemures (D:7)
  5 scorpions
  2 bullfrogs
  A gnoll sergeant (D:7)
  Dowan (D:4)
  9 killer bees
  4 howler monkeys
  4 centaur zombies
  A hound (D:4)
  A jelly (D:6)
  4 orc priests
  A bullfrog skeleton (D:6)
  A centaur skeleton (D:7)
  Crazy Yiuf (D:7)
  Ijyb (D:5)
  2 iguanas (D:4)
  4 orc wizards
  A howler monkey skeleton (D:4)
  9 gnolls (D:7)
  10 adders
  3 white imps
  2 ufetubi
  An adder skeleton (D:4)
  A worm (D:4)
  4 dart slugs
  30 orcs
  9 endoplasms
  A giant cockroach (D:4)
  2 goblins
  5 hobgoblins
  2 jackals (D:5)
  10 kobolds
  4 quokkas
  5 ball pythons
  2 bats (D:1)
  2 frilled lizards (D:1)
  8 rats
232 creatures vanquished.

Vanquished Creatures (collateral kills)
  An orc warrior (D:9)
  An orc (D:9)
2 creatures vanquished.

Vanquished Creatures (others)
  574 foxfires
  A fungus (D:10)
  4 plants
  A withered plant (D:14)
580 creatures vanquished.

Grand Total: 814 creatures vanquished

Notes
Turn   | Place    | Note
-------+----------+-------------------------------------------
     0 | D:1      | Conn the Octopode Fire Elementalist began the quest for the
                  | Orb.
     0 | D:1      | Reached XP level 1. HP: 11/11 MP: 3/3
   568 | D:1      | Reached XP level 2. HP: 17/17 MP: 3/5
   935 | D:1      | Found a faded altar of an unknown god.
   953 | D:1      | Found a faded altar of an unknown god.
  1361 | D:2      | Reached XP level 3. HP: 21/21 MP: 2/6
  1490 | D:2      | Found a white marble altar of Elyvilon.
  2383 | D:2      | Reached XP level 4. HP: 11/27 MP: 2/7
  2632 | D:3      | Noticed a scorpion
  2650 | D:3      | Killed a scorpion
  2651 | D:3      | Reached XP level 5. HP: 21/31 MP: 4/9
  2655 | D:3      | Learned a level 3 spell: Conjure Flame
  2659 | D:3      | Learned a level 3 spell: Inner Flame
  3413 | D:3      | Reached skill level 4 in Fire Magic
  3725 | D:4      | Noticed a steam dragon
  3894 | D:4      | Found a transporter.
  3896 | D:4      | Noticed glosham's ghost (amateur DjWz)
  3937 | D:4      | Reached XP level 6. HP: 33/37 MP: 5/10
  4235 | D:4      | Found a transporter.
  4421 | D:4      | Noticed a black bear
  4432 | D:4      | Noticed Duvessa
  4585 | D:4      | Learned a level 4 spell: Sticky Flame
  4615 | D:4      | Killed Duvessa
  4616 | D:4      | Reached skill level 1 in Fighting
  4616 | D:4      | Reached XP level 7. HP: 28/43 MP: 6/11
  4616 | D:4      | Noticed Dowan
  4666 | D:4      | Killed Dowan
  5126 | D:4      | Reached skill level 5 in Fire Magic
  5342 | D:4      | Killed a steam dragon
  5499 | D:4      | Reached XP level 8. HP: 48/48 MP: 13/13
  5622 | D:5      | Entered Level 5 of the Dungeon
  5723 | D:5      | Noticed Edmund
  5735 | D:5      | Killed Edmund
  5736 | D:5      | Reached skill level 5 in Conjurations
  5837 | D:5      | Noticed Ijyb
  5848 | D:5      | Killed Ijyb
  5932 | D:5      | Reached skill level 6 in Fire Magic
  6776 | D:6      | Found a staircase to the Ecumenical Temple.
  6790 | Temple   | Entered the Ecumenical Temple
  7015 | D:6      | Reached skill level 5 in Stealth
  7832 | D:7      | Found Ynaaxtie's Lightly-Used Armoury.
  7861 | D:7      | Noticed Pikel
  7992 | D:7      | Killed Pikel
  7993 | D:7      | Reached skill level 1 in Staves
  7993 | D:7      | Reached skill level 7 in Fire Magic
  7993 | D:7      | Reached XP level 9. HP: 21/54 MP: 6/16
  8336 | D:7      | Reached skill level 5 in Spellcasting
  8520 | D:7      | Learned a level 5 spell: Fireball
  8850 | D:7      | Identified the +0 short sword "Lawennek" {pain, rElec Str+5
                  | Int-2}
  9020 | D:7      | Found a runed translucent door.
  9021 | D:7      | Noticed Crazy Yiuf
  9032 | D:7      | Killed Crazy Yiuf
  9362 | D:8      | Reached skill level 8 in Fire Magic
  9676 | D:8      | Found a staircase to the Lair.
  9799 | D:8      | Reached XP level 10. HP: 60/60 MP: 4/18
 10138 | D:8      | Learned a level 3 spell: Stone Arrow
 10670 | D:9      | Reached skill level 9 in Fire Magic
 10830 | D:9      | Found a shimmering blue altar of Sif Muna.
 10842 | D:9      | Became a worshipper of Sif Muna the Loreminder
 10893 | D:9      | Gained mutation: You are weak. (Str -2) [potion of
                  | mutation]
 11103 | D:9      | Reached skill level 1 in Earth Magic
 11317 | D:9      | Reached skill level 1 in Unarmed Combat
 11584 | D:10     | Entered Level 10 of the Dungeon
 11817 | D:10     | Noticed a two-headed ogre
 11820 | D:10     | Killed a two-headed ogre
 11821 | D:10     | Reached skill level 1 in Shields
 11848 | D:10     | Reached skill level 10 in Fire Magic
 11848 | D:10     | Reached XP level 11. HP: 50/64 MP: 6/20
 11848 | D:10     | Noticed Sonja
 11856 | D:10     | Killed Sonja
 12185 | D:10     | Found a runed translucent gate.
 12185 | D:10     | Found a runed translucent gate.
 12187 | D:10     | Found a runed translucent gate.
 12188 | D:10     | Noticed Tutankhamun's ghost (journeyman DrTm)
 12588 | D:10     | Noticed a two-headed ogre
 12592 | D:10     | Killed a two-headed ogre
 12828 | D:11     | Reached skill level 5 in Dodging
 12874 | D:11     | Noticed a cyclops
 12877 | D:11     | Killed a cyclops
 13185 | D:11     | Noticed a cyclops
 13190 | D:11     | Killed a cyclops
 13808 | D:11     | Reached * piety under Sif Muna
 14310 | D:12     | You fall into a shaft and drop 1 floor!
 14317 | D:13     | Noticed a salamander
 14323 | D:13     | Reached skill level 1 in Invocations
 14330 | D:13     | Killed a salamander
 14605 | D:13     | Noticed a six-headed hydra
 14609 | D:13     | Killed a six-headed hydra
 14610 | D:13     | Reached skill level 1 in Hexes
 14612 | D:13     | Noticed a tengu warrior
 14615 | D:13     | Killed a tengu warrior
 14616 | D:13     | Reached skill level 11 in Fire Magic
 14616 | D:13     | Reached XP level 12. HP: 72/72 MP: 11/22
 14762 | D:13     | Noticed a centaur warrior
 14765 | D:13     | Killed a centaur warrior
 14766 | D:13     | Reached skill level 10 in Conjurations
 14888 | D:13     | Noticed a two-headed ogre
 14892 | D:13     | Killed a two-headed ogre
 15104 | D:13     | Noticed a vault guard
 15756 | D:14     | Noticed a five-headed hydra
 15767 | D:14     | Killed a five-headed hydra
 15767 | D:14     | Reached ** piety under Sif Muna
 16163 | D:13     | Slain by a white ugly thing

Illustrated notes

Levels and vault maps discovered:
D:1:      minmay_arrival_stone_box, layout_loops_ring,
          hellmonk_ecumenical_altar_the_god_not_taken
D:2:      layout_basic, basic_altar
D:3:      layout_basic
D:4:      layout_loops_ring, gammafunk_ghost_stat_death, uniq_duvessa
D:5:      layout_cave_pods, hex_large, uniq_ijyb, uniq_edmund
D:6:      layout_loops_ring, minmay_temple_entry_offerings
D:7:      layout_loops_ring, minmay_shop_damaged, minmay_starry_boxes,
          uniq_pikel, uniq_crazy_yiuf_cottage
D:8:      layout_rooms, erik_lair_orcish_takeover
D:9:      layout_loops_ring, nicolae_sif_muna_condensation, grunt_ministairs_9
D:10:     layout_long_grid, gammafunk_ghost_nasty_kobolds, uniq_sonja
D:11:     layout_loops_cross
D:12:     layout_cave_pods, david_orc_2, minmay_misc_feat_iff, uniq_kirke,
          uniq_maurice
D:13:     layout_stronghold, grunt_vaults_entry_fortified
D:14:     layout_grid_maze, fountainhead, serial_undead, serial_undead_d,
          serial_undead_a, serial_undead_c, serial_undead_f
Temple:   kilobyte_greek_temple

Skill      XL: |  1  2  3  4  5  6  7  8  9 10 11 12 |
---------------+-------------------------------------+-----
Stealth        | 3 4 5 6 |  6.4
Conjurations   | 2 3 4 6 7 8 9 10 | 10.6
Fire Magic     | 4 5 7 8 10 11 | 11.5
Spellcasting   | 3 4 5 6 7 |  7.7
Fighting       | 1 2 3 |  3.1
Dodging        | 3 4 5 |  5.7
Staves         | 1 2 |  2.3
Earth Magic    | 3 4 |  4.1
Unarmed Combat | 2 |  2.6
Shields        | 1 3 |  3.9
Invocations    | 2 4 |  4.3
Hexes          | 1 |  1.0
Short Blades   | |  0.7
Evocations     | |  0.7

Action                   |  1- 3 |  4- 6 |  7- 9 | 10-12 || total
-------------------------+-------+-------+-------+-------++-------
Melee: Dagger            |    16 |       |       |       ||    16
       Constrict         |     3 |     2 |    17 |     7 ||    29
       Unarmed           |     1 |       |       |     7 ||     8
       Tentacles         |     3 |     3 |    13 |    19 ||    38
       Staff             |       |     9 |    60 |    96 ||   165
       Short sword       |       |     1 |     6 |       ||     7
 Cast: Foxfire           |    48 |    81 |   123 |    80 ||   332
       Sticky Flame      |       |     1 |    22 |    27 ||    50
       Conjure Flame     |       |       |    11 |     6 ||    17
       Inner Flame       |       |       |     2 |     4 ||     6
       Fireball          |       |       |     5 |    58 ||    63
       Stone Arrow       |       |       |       |    12 ||    12
Evoke: Wand              |       |       |       |     4 ||     4
       Box of beasts     |       |       |       |     1 ||     1
  Use: Potion            |       |     3 |     4 |     8 ||    15
       Scroll            |       |     3 |       |     8 ||    11
 Stab: Sleeping          |     3 |     1 |     4 |     2 ||    10
Armor: Skin              |     1 |     3 |     5 |    54 ||    63
Dodge: Dodged            |    19 |    43 |   112 |   137 ||   311
Block: Other             |       |       |     9 |    12 ||    21
       Buckler           |       |       |       |    84 ||    84
       Reflection        |       |       |       |     9 ||     9

Table legend: (Time is in decaauts)
 A = Elapsed time spent in this place.
 B = Non-inter-level travel time spent in this place.
 C = Inter-level travel time spent in this place.
 D = Time resting spent in this place.
 E = Time spent auto-exploring this place.
 F = Levels seen in this place.
 G = Mean time per level.
                   A        B        C        D        E       F      G
               +--------+--------+--------+--------+--------+-----+--------+
         Total |  16149 |  15745 |    404 |   2271 |   9998 |  15 | 1076.6 |
       Dungeon |  15933 |  15530 |    403 |   2271 |   9826 |  14 | 1138.1 |
        Temple |    216 |    215 |      1 |      0 |    172 |   1 |  216.0 |
               +--------+--------+--------+--------+--------+-----+--------+

Top non-repeatable levels by time:
     D:4: 1882 daAuts
     D:7: 1567 daAuts
    D:13: 1381 daAuts
     D:2: 1359 daAuts
    D:11: 1353 daAuts
     D:1: 1252 daAuts
    D:10: 1210 daAuts
     D:5: 1120 daAuts
     D:3: 1108 daAuts
     D:6: 1049 daAuts
     D:8: 1020 daAuts
     D:9: 999 daAuts
    D:14: 460 daAuts
  Temple: 216 daAuts
    D:12: 167 daAuts
